 Dungeon Crawl Stone Soup version 0.27-a0-1149-g4505690ab0 (webtiles) character file.

Game seed: 14589627249562242970

147 senseless the Insei (level 5, 0/40 HPs)
             Began as a Gnoll Transmuter on May 12, 2021.
             Succumbed to a water moccasin's poison
             ... on level 3 of the Dungeon.
             The game lasted 00:04:29 (2997 turns).

senseless the Insei (Gnoll Transmuter)              Turns: 2997, Time: 00:04:29

Health: 0/40       AC:  2    Str: 10    XL:     5   Next: 29%
Magic:  12/12      EV: 13    Int: 12    God:
Gold:   121        SH:  0    Dex: 13    Spells: 13/14 levels left

rFire    . . .     SeeInvis .     - Unarmed
rCold    . . .     Faith    .   (no shield)
rNeg     . . .     Spirit   .   a - +0 robe
rPois    .         Reflect  .   (no helmet)
rElec    .         Harm     .   (no cloak)
rCorr    .         Rampage  .   (no gloves)
Will     +....                  (no boots)
Stlth    ++........             (no amulet)
HPRegen  0.13/turn              c - ring of willpower
MPRegen  0.13/turn              (no ring)

@: mighty, lethally poisoned (0 -> -9), hasted, very quick
A: fangs 1, strong nose, distributed training
a: no special abilities


You were on level 3 of the Dungeon.
You visited 1 branch of the dungeon, and saw 3 of its levels.

You collected 121 gold pieces.

Inventory:

Hand Weapons
 h - a +2 vampiric falchion
Armour
 a - a +0 robe (worn)
Jewellery
 c - a ring of willpower (left hand)
Scrolls
 g - a scroll of teleportation {unknown}
Potions
 f - a potion of mutation {unknown}


   Skills:
 + Level 2.9 Fighting
 + Level 1.4 Short Blades
 + Level 1.4 Long Blades
 + Level 1.4 Axes
 + Level 1.4 Maces & Flails
 + Level 1.4 Polearms
 + Level 1.4 Staves
 + Level 1.4 Slings
 + Level 1.4 Bows
 + Level 1.4 Crossbows
 + Level 1.4 Throwing
 + Level 1.4 Armour
 + Level 4.7 Dodging
 + Level 1.4 Stealth
 + Level 1.4 Shields
 + Level 6.7 Unarmed Combat
 + Level 5.2 Spellcasting
 + Level 1.1 Conjurations
 + Level 1.1 Hexes
 + Level 1.1 Summonings
 + Level 1.1 Necromancy
 + Level 1.1 Translocations
 + Level 3.9 Transmutations
 + Level 1.1 Fire Magic
 + Level 1.1 Ice Magic
 + Level 1.1 Air Magic
 + Level 1.1 Earth Magic
 + Level 1.1 Poison Magic
 + Level 1.6 Invocations
 + Level 1.4 Evocations


You had 13 spell levels left.
You knew the following spells:

 Your Spells              Type           Power      Damage    Failure   Level
a - Beastly Appendage     Tmut           24%        N/A       3%          1

Your spell library contained the following spells:

 Spells                   Type           Power      Damage    Failure   Level
 Wereblood                Tmut           12%        N/A       6%          2
 Magic Dart               Conj           20%        1d4       12%         1
 Blink                    Tloc           N/A        N/A       19%         2
 Call Imp                 Summ           5%         N/A       19%         2
 Slow                     Hex            5%         N/A       19%         2
 Spider Form              Tmut/Pois      4%         N/A       21%         3
 Conjure Flame            Conj/Fire      5%         6-21      36%         3
 Mephitic Cloud           Conj/Pois/Air  5%         N/A       36%         3
 Ice Form                 Ice/Tmut       9%         N/A       56%         4
 Hydra Form               Tmut           6%         N/A       71%         5


Dungeon Overview and Level Annotations

Branches:
Dungeon (3/15)

Altars:
Dithmenos
Gozag


Innate Abilities, Weirdness & Mutations

You have very sharp teeth.
Your uncanny sense of smell can sniff out nearby items.
Your experience applies equally to all skills.


Message History

You feel better. The water moccasin closely misses you.
You closely miss the water moccasin. Your kick misses the water moccasin.
Your headbutt misses the water moccasin.
The water moccasin is severely wounded.
The water moccasin bites you but does no damage.
You barely miss the water moccasin. Your kick misses the water moccasin.
The water moccasin is severely wounded.
The water moccasin closely misses you. The water moccasin bites you.
* * * LOW HITPOINT WARNING * * *
You barely miss the water moccasin. Your bite misses the water moccasin.
The water moccasin is severely wounded.
The water moccasin bites you but does no damage.
You hit the water moccasin.
The water moccasin is almost dead.
The water moccasin closely misses you.
You miss the water moccasin. Your bite misses the water moccasin.
The water moccasin is almost dead.
The water moccasin barely misses you.
You barely miss the water moccasin. Your kick misses the water moccasin.
Your headbutt misses the water moccasin.
The water moccasin is almost dead.
The water moccasin misses you. The water moccasin closely misses you.
You miss the water moccasin. You claw the water moccasin.
The water moccasin is almost dead.
Your horns disappear.
Your talons disappear.
The water moccasin bites you.
* * * LOW HITPOINT WARNING * * *
You closely miss the water moccasin.
The water moccasin is almost dead.
The water moccasin bites you.
* * * LOW HITPOINT WARNING * * *
You are lethally poisoned!
The water moccasin poisons you!
It was a potion of haste.
You feel yourself speed up.
* * * LOW HITPOINT WARNING * * *
You feel very sick. The water moccasin barely misses you.
The water moccasin closely misses you.
It was a potion of might.
You feel very mighty all of a sudden.
You die...

#.......#
#.......##.#####
#.......##.....##
#...............
#.......##.....##
................# ####
...<.###.#.$....# ...#
##...# #.#......###...#
##...###.#......@S†...#
##...#..........###...#
##.#.#.........##
.......
##.#.#.........#
...###.
......†..).##### ....#
...........# ..S...
..[........# .......
..........## .......
.....#.#### ∆∆ ∆


You could see a water moccasin.

Vanquished Creatures
  An orc priest (D:3)
  4 adders (D:2)
  2 dart slugs
  5 orcs (D:3)
  4 ball pythons
  7 bats
  6 endoplasms
  2 giant cockroaches
  4 goblins (D:2)
  2 hobgoblins
  13 jackals
  3 kobolds
  5 quokkas
  A frilled lizard (D:2)
  4 rats
63 creatures vanquished.

Notes
Turn   | Place    | Note
-------+----------+-------------------------------------------
     0 | D:1      | senseless the Gnoll Transmuter began the quest for the Orb.
     0 | D:1      | Reached XP level 1. HP: 17/17 MP: 6/6
   132 | D:1      | Reached XP level 2. HP: 20/23 MP: 5/7
   248 | D:1      | Found a faded altar of an unknown god.
   810 | D:1      | Reached skill level 5 in Spellcasting
   810 | D:1      | Reached XP level 3. HP: 24/28 MP: 7/9
  1164 | D:2      | Reached skill level 1 in Invocations
  1294 | D:2      | Found a shadowy altar of Dithmenos.
  1437 | D:2      | Reached skill level 1 in Short Blades
  1437 | D:2      | Reached skill level 1 in Long Blades
  1437 | D:2      | Reached skill level 1 in Axes
  1437 | D:2      | Reached skill level 1 in Maces & Flails
  1437 | D:2      | Reached skill level 1 in Polearms
  1437 | D:2      | Reached skill level 1 in Staves
  1437 | D:2      | Reached skill level 1 in Slings
  1437 | D:2      | Reached skill level 1 in Bows
  1437 | D:2      | Reached skill level 1 in Crossbows
  1437 | D:2      | Reached skill level 1 in Throwing
  1437 | D:2      | Reached skill level 1 in Armour
  1437 | D:2      | Reached skill level 1 in Stealth
  1437 | D:2      | Reached skill level 1 in Shields
  1437 | D:2      | Reached skill level 1 in Evocations
  1588 | D:2      | Reached XP level 4. HP: 18/34 MP: 9/11
  2183 | D:2      | Reached skill level 1 in Conjurations
  2183 | D:2      | Reached skill level 1 in Hexes
  2183 | D:2      | Reached skill level 1 in Summonings
  2183 | D:2      | Reached skill level 1 in Necromancy
  2183 | D:2      | Reached skill level 1 in Translocations
  2183 | D:2      | Reached skill level 1 in Fire Magic
  2183 | D:2      | Reached skill level 1 in Ice Magic
  2183 | D:2      | Reached skill level 1 in Air Magic
  2183 | D:2      | Reached skill level 1 in Earth Magic
  2183 | D:2      | Reached skill level 1 in Poison Magic
  2530 | D:3      | Reached XP level 5. HP: 27/40 MP: 10/12
  2753 | D:3      | Found an opulent altar of Gozag.
  2971 | D:3      | Noticed a water moccasin
  2996 | D:3      | HP: 2/40 [poisoned by a water moccasin]
  2997 | D:3      | Succumbed to a water moccasin's poison

Illustrated notes

Levels and vault maps discovered:
D:1:      minmay_arrival_doors, layout_basic,
          hellmonk_ecumenical_altar_leap_of_faith, minmay_misc_feat_chi,
          serial_park_tiny_pond, minivault_25, nrook_uturn
D:2:      layout_loops_ring, basic_altar
D:3:      layout_basic, chequers_temple_overflow_statue_of_worship,
          lemuel_doored_altar, ebering_ghost_gozag, kennysheep_flooded_box,
          goddamned_bats

Skill      XL: |  1  2  3  4 |
---------------+-------------+-----
Spellcasting   | 5 |  5.2
Invocations    | 1 |  1.6
Short Blades   | 1 |  1.4
Long Blades    | 1 |  1.4
Axes           | 1 |  1.4
Maces & Flails | 1 |  1.4
Polearms       | 1 |  1.4
Staves         | 1 |  1.4
Slings         | 1 |  1.4
Bows           | 1 |  1.4
Crossbows      | 1 |  1.4
Throwing       | 1 |  1.4
Armour         | 1 |  1.4
Stealth        | 1 |  1.4
Shields        | 1 |  1.4
Evocations     | 1 |  1.4
Conjurations   | 1 |  1.1
Hexes          | 1 |  1.1
Summonings     | 1 |  1.1
Necromancy     | 1 |  1.1
Translocations | 1 |  1.1
Fire Magic     | 1 |  1.1
Ice Magic      | 1 |  1.1
Air Magic      | 1 |  1.1
Earth Magic    | 1 |  1.1
Poison Magic   | 1 |  1.1
Fighting       | |  2.9
Dodging        | |  4.7
Unarmed Combat | |  6.7
Transmutations | |  3.9

Action                   |  1- 3 |  4- 6 || total
-------------------------+-------+-------++-------
Melee: Unarmed           |    95 |    86 ||   181
       Headbutt          |    11 |     8 ||    19
       Kick              |     9 |    14 ||    23
       Bite              |     4 |     5 ||     9
       Punch             |     1 |     2 ||     3
 Cast: Beastly Appendage |    24 |    13 ||    37
  Use: Scroll            |       |     1 ||     1
       Potion            |       |     6 ||     6
 Stab: Sleeping          |       |     1 ||     1
Armor: Robe              |    13 |    11 ||    24
Dodge: Dodged            |    56 |    57 ||   113

Table legend: (Time is in decaauts)
 A = Elapsed time spent in this place.
 B = Non-inter-level travel time spent in this place.
 C = Inter-level travel time spent in this place.
 D = Time resting spent in this place.
 E = Time spent auto-exploring this place.
 F = Levels seen in this place.
 G = Mean time per level.
                   A        B        C        D        E       F      G
               +--------+--------+--------+--------+--------+-----+--------+
         Total |   2974 |   2909 |     65 |    233 |   2286 |   3 |  991.3 |
       Dungeon |   2974 |   2909 |     65 |    233 |   2286 |   3 |  991.3 |
               +--------+--------+--------+--------+--------+-----+--------+

Top non-repeatable levels by time:
     D:2: 1390 daAuts
     D:1: 1067 daAuts
     D:3: 516 daAuts
